AoeStats
← Wimdit

Arena

509004366Analyzed
1v1 RM · 7d ago on Sep 25, 2026· 34m 6s· 2 players
Game mode
Random Map
Map size
Tiny (2 player)
Population
200
Speed
Normal
Resources
Standard
Victory
Conquest
Starting age
Dark Age
Ending age
Imperial Age
RankedLock teamsTeams togetherTeam positionsShared explorationLock speedFull tech treeHidden civsTurbo modeCheats
Victory
Defeat
🇦🇺 Burgundians · Australia
1209
+14
🇦🇷 Goths · Argentina
1165
-14
Kandonga
10:25 Feudal Age
11:53 Wheelbarrow
14:42 Castle Age
13:00 Double-Bit Axe
13:38 Horse Collar
22:41 Bow Saw
22:34 Stone Mining
24:04 Hand Cart
23:53 Gold Mining
24:56 Forging
24:46 Scale Mail Armor
25:51 Stone Shaft Mining
25:58 Heavy Plow
27:05 Iron Casting
26:46 Chain Mail Armor
27:35 Town Watch
32:08 Imperial Age
29:28 Pikeman
30:08 Squires
30:11 Anarchy
30:08 Loom
32:52 Perfusion
33:14 Conscription
32:16 Halberdier
34:01 Blast Furnace
33:33 Crop Rotation
34:05 Two-Man Saw
Wimdit
6:04 Double-Bit Axe
11:07 Feudal Age
10:34 Horse Collar
15:20 Castle Age
14:29 Bow Saw
20:39 Wheelbarrow
20:10 Heavy Plow
21:20 Gold Mining
22:35 Two-Man Saw
26:51 Imperial Age
24:39 Light Cavalry
26:14 Crop Rotation
25:43 Stone Mining
26:33 Gold Shaft Mining
26:59 Scale Barding Armor
26:55 Scale Mail Armor
27:08 Forging
27:04 Loom
27:35 Hand Cart
27:12 Town Watch
28:42 Chemistry
28:27 Padded Archer Armor
28:49 Chain Barding Armor
28:33 Husbandry
29:31 Sanctity
30:35 Iron Casting
31:25 Plate Barding Armor
Connection lost

Rejoining the realm…

Still unreachable

The connection could not be restored.

Session expired

The server has moved on; the page needs a fresh start.